 Dungeon Crawl Stone Soup version 0.27.1-33-g824d729ab1 (webtiles) character file.

Game seed: 1526683254753493499

567 unlimited1921 the Slasher (level 7, 0/37 HPs)
             Began as a Vine Stalker Fighter on Dec 30, 2021.
             Succumbed to Duvessa's poison
             ... on level 5 of the Dungeon.
             The game lasted 00:13:23 (3507 turns).

unlimited1921 the Slasher (Vine Stalker Fighter)    Turns: 3507, Time: 00:13:24

Health: 0/37       AC:  7    Str: 21    XL:     7   Next: 33%
Magic:  2/8        EV:  8    Int:  8    God:
Gold:   199        SH: 10    Dex: 19    Spells: 6/6 levels left

rFire    . . .     SeeInvis .   a - +2 long sword
rCold    . . .     Faith    .   c - +0 kite shield
rNeg     + . .     Spirit   +   b - +0 scale mail
rPois    .         Reflect  .   (no helmet)
rElec    .         Harm     .   (no cloak)
rCorr    .         Rampage  .   (no gloves)
Will     .....                  (no boots)
Stlth    ..........             (no amulet)
HPRegen  1.12/turn              e - +6 ring of dexterity
MPRegen  0.11/turn              g - ring of positive energy

@: lethally poisoned (0 -> -11)
A: fangs 2, regeneration 1, magic shield, antimagic bite, no potion heal 2
a: no special abilities


You were on level 5 of the Dungeon.
You visited 1 branch of the dungeon, and saw 6 of its levels.

You collected 199 gold pieces.

Inventory:

Hand Weapons
 a - a +2 long sword (weapon)
 q - a +2 falchion of electrocution
 u - a +0 rapier
Missiles
 n - 44 bolts
Armour
 b - a +0 scale mail (worn)
 c - a +0 kite shield (worn)
Jewellery
 e - a +6 ring of dexterity (left hand)
 g - a ring of positive energy (right hand)
 o - a ring of ice
Scrolls
 f - a scroll of amnesia
 k - a scroll of magic mapping
 r - a scroll of teleportation
 v - a scroll of enchant armour
Potions
 d - a potion of might
 i - a potion of attraction {unknown}
 j - 2 potions of brilliance {unknown}
 l - a potion of flight {unknown}
 p - 3 potions of curing
 s - a potion of invisibility {unknown}
 t - a potion of cancellation {unknown}


   Skills:
 * Level 3.8 Fighting
 + Level 4.2 Long Blades
 + Level 0.1 Throwing
 + Level 3.9 Armour
 + Level 1.1 Dodging
 + Level 4.1 Shields


You had 6 spell levels left.
You didn't know any spells.
Your spell library contained the following spells:

 Spells                   Type           Power      Damage    Failure   Level
 Animate Skeleton         Necr           0%         N/A       99%         1
 Apportation              Tloc           0%         N/A       99%         1
 Corona                   Hex            0%         N/A       99%         1
 Summon Small Mammal      Summ           0%         N/A       99%         1
 Static Discharge         Conj/Air       0%         N/A       100%        2
 Dispel Undead            Necr           0%         3d6       100%        4
 Sticky Flame             Conj/Fire      0%         2d3       100%        4


Dungeon Overview and Level Annotations

Branches:
Dungeon (6/15)
 Temple: D:4-7

Altars:
Ashenzari
Ru

Annotations:
D:5 Duvessa


Innate Abilities, Weirdness & Mutations

You have extremely sharp teeth.
Your natural rate of healing is unusually fast.
When hurt, damage is shared between your health and your magic reserves.
Your bite disrupts and absorbs the magic of your enemies.
Potions cannot restore your health.


Message History

You slash Duvessa! You bite Duvessa. You drain her power.
You feel invigorated.
Duvessa is moderately wounded.
Dowan hits you but does no damage.
You are poisoned.
You block Duvessa's attack. You block Dowan's attack.
Duvessa hits you with a +0 rapier of venom.
You are more poisoned.
You feel very sick.
Dowan says, "Magic and the sword, together, will defeat you."
You slash Dowan! You bite Dowan!
Dowan's magic leaks into the air.
You drain his magic.
Dowan is severely wounded.
You feel very sick.
Dowan falters for a moment.
You slash Dowan!
You kill Dowan!
Duvessa weeps, then rights herself and shakes her weapon.
Duvessa goes berserk!
You feel very sick. You block Duvessa's attack.
Your Shields skill increases to level 4!
You hit Duvessa. You bite Duvessa, but do no damage.
Duvessa is moderately wounded.
You feel sick.
Duvessa hits you with a +0 rapier of venom!
You are more poisoned.
You block Duvessa's attack.
You are too injured to fight recklessly!
You feel very sick. You block Duvessa's attack.
You are too injured to fight recklessly!
You feel very sick.
You are too injured to fight recklessly!
You feel sick.
Duvessa rages.
Duvessa hits you with a +0 rapier of venom!
* * * LOW HITPOINT WARNING * * *
You are lethally poisoned!
You see here 19 stones.
You die...

#..##...#.######.####
..........# #.#
#..###.#### #.#######
#..# #.# #.......#
...###+# ##.......#
#.###...# #........#
#.# .....# #........#
..# ......# #........#
##
..(....####.@......#
.+
(((....)..e(.........
##
.......####...#.######
......# ##....# .....#
#.#### #...# #.# ##+#
#.# # ##.# #.# . ...#
.#


You could see Duvessa (berserk).

Vanquished Creatures
  An ogre (D:5)
  A scorpion (D:6)
  A water moccasin skeleton (D:4)
  Dowan (D:5)
  2 jellies
  2 orc priests
  An orc wizard (D:6)
  A killer bee zombie (D:6)
  5 adders
  An ufetubus (D:4)
  An adder skeleton (D:4)
  3 worms
  A dart slug (D:2)
  18 orcs
  8 endoplasms
  6 giant cockroaches
  A goblin (D:2)
  7 hobgoblins
  4 jackals (D:4)
  5 quokkas
  4 ball pythons
  5 bats
  3 frilled lizards
  7 kobolds
  3 rats (D:1)
92 creatures vanquished.

Notes
Turn   | Place    | Note
-------+----------+-------------------------------------------
     0 | D:1      | unlimited1921 the Vine Stalker Fighter began the quest for
                  | the Orb.
     0 | D:1      | Reached XP level 1. HP: 11/11 MP: 2/2
   143 | D:1      | Reached XP level 2. HP: 13/16 MP: 1/3
   412 | D:1      | You fall into a shaft and drop 1 floor!
   414 | D:2      | Found a broken altar of Ashenzari.
   638 | D:1      | Reached XP level 3. HP: 17/20 MP: 4/4
  1352 | D:2      | Gained mutation: Your natural rate of healing is unusually
                  | fast. [Vine Stalker growth]
  1352 | D:2      | Reached XP level 4. HP: 16/24 MP: 5/5
  1624 | D:2      | Reached XP level 5. HP: 24/28 MP: 4/6
  2000 | D:3      | Found a sacrificial altar of Ru.
  2616 | D:4      | Reached XP level 6. HP: 32/32 MP: 4/7
  2660 | D:4      | You fall into a shaft and drop 2 floors!
  2737 | D:6      | Reached skill level 1 in Dodging
  2842 | D:6      | Noticed an orc warrior
  2857 | D:5      | Entered Level 5 of the Dungeon
  3106 | D:5      | Reached XP level 7. HP: 37/37 MP: 8/8
  3490 | D:5      | Noticed Dowan
  3491 | D:5      | Noticed Duvessa
  3502 | D:5      | Killed Dowan
  3507 | D:5      | Succumbed to Duvessa's poison

Illustrated notes

Levels and vault maps discovered:
D:1:      psy_arrival_whirlpool, layout_basic
D:2:      layout_loops_corners, basic_altar
D:3:      layout_basic, lemuel_tele_altar
D:4:      wander_river, layout_cave_pools, minmay_mini_ossuary
D:5:      layout_loops_corners, serial_shops, nicolae_diamond_shop, uniq_duvessa
D:6:      layout_loops_cross, nzn_wu_jian_council_hall,
          minmay_temple_entry_junction, ebering_ghost_xom, minivault_23,
          kennysheep_generic_room_15

Skill      XL: |  1  2  3  4  5  6  7 |
---------------+----------------------+-----
Shields        | 3 4 |  4.1
Long Blades    | 2 3 4 |  4.2
Fighting       | 3 |  3.8
Armour         | 3 |  3.9
Dodging        | 1 |  1.1
Throwing       | |  0.1

Action                   |  1- 3 |  4- 6 |  7- 9 || total
-------------------------+-------+-------+-------++-------
Melee: Long sword        |    66 |   142 |    11 ||   219
       Bite              |    16 |    64 |     5 ||    85
Throw: Dart              |       |     5 |     4 ||     9
  Use: Scroll            |     4 |     2 |     2 ||     8
Armor: Scale mail        |    25 |    57 |     4 ||    86
Dodge: Dodged            |    16 |    51 |       ||    67
Block: Kite shield       |    31 |    92 |     6 ||   129
       Rpst.: Long sword |     5 |    12 |       ||    17
